Description

building scv leaves at 1:19. missed depo at 3:56. check your opponents for proper scouting.

Build Order

Get SALT Encoding   

  12  0:00  SCV  
  13  0:12  SCV  
  14  0:17  Supply Depot  
  14  0:24  SCV  
  15  0:38  SCV  
  15  0:40  Barracks  
  16  0:44  Refinery  
  16  0:50  SCV  building scv leaves at 1:19
  17  1:02  SCV  
  18  1:15  SCV  
  19  1:28  Orbital Command  
  19  1:29  Marine  
  20  1:40  Command Center  
  20  1:51  Factory  
  20  1:55  SCV  
  21  2:03  Supply Depot  
  21  2:04  Marine  
  21  2:07  SCV  
  23  2:16  Refinery  
  23  2:24  SCV, Marine  
  25  2:36  Factory Tech Lab  
  25  2:37  SCV, Starport  
  26  2:42  Marine  
  27  2:49  SCV  
  28  2:54  Orbital Command  
  28  2:56  Cyclone  
  31  3:01  SCV, Marine  
  33  3:13  SCV  
  33  3:14  Medivac  
  33  3:18  Refinery  
  33  3:19  SCV  
  37  3:22  Marine  
  37  3:25  SCV  
  39  3:29  Supply Depot  
  39  3:31  SCV  
  40  3:37  SCV, Siege Tank  
  44  3:41  Marine  
  44  3:43  SCV  
  46  3:51  SCV x2  
  48  3:59  Marine  
  48  4:00  Starport Tech Lab  
  49  4:03  SCV  
  49  4:09  Siege Tank  
  53  4:14  SCV  
  53  4:15  Barracks x2  
  54  4:19  Supply Depot  
  54  4:29  Barracks Reactor  
  54  4:31  SCV x2, Raven  
  58  4:42  Supply Depot  
  58  4:43  SCV x2  
  60  4:46  Siege Tank  
  63  4:55  SCV x2  
  65  5:04  Barracks Tech Lab x2  
  65  5:05  Refinery  
  65  5:06  Marine x2  
  67  5:07  SCV x2  
  67  5:13  Supply Depot  
  69  5:20  SCV x2  
  72  5:23  Marine x4  
  72  5:28  Engineering Bay  
  77  5:32  SCV x2  
  79  5:36  Supply Depot  
Spawning Tool Build Advisor. Get it on Overwolf

Go to:

Details

  • Created by: lucahecker
  • Published on: Mar 15, 2022
  • Modified on: Mar 15, 2022
  • Patch: 4.11.0
  • Difficulty: Medium
Show
View Real Time Build Order
Export as new Build Order

Comments (0)

There are no comments. Be the first!

Create an account to comment!